BSA
SPRINGFIELD STARS @ ST. LOUIS BROWNS
09/08/2026
 
TOP OF THE 1ST
Springfield Stars batting - Pitching for St. Louis Browns : RHP Nelson Ortega
Pitching: RHP Nelson Ortega
Batting: SHB Shane Hutchinson 0-0: Called Strike
0-1: Ball
1-1: Ball
2-1: Foul Ball, location: 2F
2-2: Foul Ball, location: 2F
2-2: Ground out 3-1 (Groundball, 3)
Batting: RHB Juan Rodríguez 0-0: Foul Ball, location: 2F
0-1: Foul Ball, location: 2F
0-2: Ground out 6-3 (Groundball, 56)
Batting: LHB Derek Davidson 0-0: Ball
1-0: Called Strike
1-1: Ball
2-1: Foul Ball, location: 2F
2-2: SINGLE (Groundball, 4M)
Batting: LHB Felipe Guerrero 0-0: Called Strike
0-1: Ground out U3 (Groundball, 3)
Top of the 1st over - 0 run(s), 1 hit(s), 0 error(s), 1 left on base; Springfield 0 - St. Louis 0
BOTTOM OF THE 1ST
St. Louis Browns batting - Pitching for Springfield Stars : RHP Kyu-pyeong Pak
Pitching: RHP Kyu-pyeong Pak
Batting: SHB Ryobe Yamamoto 0-0: Ball
1-0: Foul Ball, location: 2F
1-1: Called Strike
1-2: Ball
2-2: Foul Ball, location: 2F
2-2: Ball
3-2: Fly out, F7 (Flyball, 78D)
Batting: LHB Stan Hickman 0-0: Ball
1-0: Foul Ball, location: 2F
1-1: Ball
2-1: Foul Ball, location: 2F
2-2: Strikes out swinging
Batting: LHB Clinton Clark 0-0: Ball
1-0: Swinging Strike
1-1: Ground out 6-3 (Groundball, 6)
Bottom of the 1st over - 0 run(s), 0 hit(s), 0 error(s), 0 left on base; Springfield 0 - St. Louis 0
TOP OF THE 2ND
Springfield Stars batting - Pitching for St. Louis Browns : RHP Nelson Ortega
Batting: LHB Elliott Newell 0-0: Called Strike
0-1: Ground out 6-3 (Groundball, 6)
Batting: RHB Juan Carlos Rodríguez 0-0: Ball
1-0: Foul Ball, location: 2F
1-1: SINGLE (Line Drive, 8LS)
Batting: RHB Norberto Taváres 0-0: Called Strike
0-1: Ball
1-1: Ball
2-1: Swinging Strike
2-2: Ball
3-2: Base on Balls
Juan Carlos Rodríguez to second
Batting: RHB Will Sterling 0-0: Called Strike
0-1: Foul Ball, location: 2F
0-2: SINGLE (Line Drive, 3)
Juan Carlos Rodríguez to third
Norberto Taváres to second
Batting: LHB Jesús Tobías 0-0: Ball
1-0: Called Strike
1-1: Foul Ball, location: 2F
1-2: Ball
2-2: Foul Ball, location: 2F
2-2: Fly out, F9 (Flyball, 9M)
Batting: SHB Shane Hutchinson 0-0: Foul Ball, location: 2F
0-1: Foul Ball, location: 2F
0-2: Strikes out swinging
Top of the 2nd over - 0 run(s), 2 hit(s), 0 error(s), 3 left on base; Springfield 0 - St. Louis 0
BOTTOM OF THE 2ND
St. Louis Browns batting - Pitching for Springfield Stars : RHP Kyu-pyeong Pak
Batting: LHB Jorge Torres 0-0: Called Strike
0-1: Swinging Strike
0-2: Ground out 6-3 (Groundball, 6)
Batting: RHB Yoshihide Takahashi 0-0: Ball
1-0: Fly out, F9 (Flyball, 9S)
Batting: RHB Mario Rosales 0-0: Ball
1-0: Called Strike
1-1: Fly out, F5 (Popup, 56S)
Bottom of the 2nd over - 0 run(s), 0 hit(s), 0 error(s), 0 left on base; Springfield 0 - St. Louis 0
TOP OF THE 3RD
Springfield Stars batting - Pitching for St. Louis Browns : RHP Nelson Ortega
Batting: RHB Juan Rodríguez 0-0: Ball
1-0: Ball
2-0: Swinging Strike
2-1: Ball
3-1: Ground out 6-3 (Groundball, 6)
Batting: LHB Derek Davidson 0-0: Foul Ball, location: 2F
0-1: Ball
1-1: Foul Ball, location: 2F
1-2: DOUBLE (Line Drive, 8LD)
Batting: LHB Felipe Guerrero 0-0: Ball
1-0: SINGLE (Groundball, 56D)
Derek Davidson to third
Runner from 3rd tries for Home, SAFE, no throw or cutoff
Batting: LHB Elliott Newell 0-0: Called Strike
Felipe Guerrero steals 2nd base
0-1: Swinging Strike
0-2: Strikes out looking
Batting: RHB Juan Carlos Rodríguez 0-0: Called Strike
0-1: Ball
1-1: Called Strike
1-2: Foul Ball, location: 2F
1-2: Foul Ball, location: 2F
1-2: SINGLE (Line Drive, 6MD)
Felipe Guerrero to third
Runner from 3rd tries for Home, SAFE, no throw or cutoff
Batting: RHB Norberto Taváres 0-0: Called Strike
0-1: Foul Ball, location: 2F
0-2: Foul Ball, location: 2F
0-2: Ball
1-2: Ball
2-2: Foul Ball, location: 2F
2-2: Fielders Choice at 2nd, U4 (Groundball, 4M)
Top of the 3rd over - 2 run(s), 3 hit(s), 0 error(s), 1 left on base; Springfield 2 - St. Louis 0
BOTTOM OF THE 3RD
St. Louis Browns batting - Pitching for Springfield Stars : RHP Kyu-pyeong Pak
Batting: RHB José Flores 0-0: Swinging Strike
0-1: Foul Ball, location: 2F
0-2: Foul Ball, location: 2F
0-2: Foul Ball, location: 2F
0-2: Ground out 5-3 (Groundball, 5S)
Batting: LHB Víctor Hernández 0-0: Ball
1-0: Called Strike
1-1: Called Strike
1-2: Ball
2-2: Ball
3-2: Strikes out swinging
Batting: RHB Carlos Alfaro 0-0: Ball
1-0: Called Strike
1-1: Ball
2-1: Foul Ball, location: 2F
2-2: Foul Ball, location: 2F
2-2: Ball
3-2: Base on Balls
Batting: SHB Ryobe Yamamoto 0-0: Called Strike
0-1: Ball
1-1: Ball
2-1: Ball
3-1: SINGLE (Groundball, 6MS)
Carlos Alfaro to second
Batting: LHB Stan Hickman 0-0: Ground out 3-1 (Groundball, 34)
Bottom of the 3rd over - 0 run(s), 1 hit(s), 0 error(s), 2 left on base; Springfield 2 - St. Louis 0
TOP OF THE 4TH
Springfield Stars batting - Pitching for St. Louis Browns : RHP Nelson Ortega
Batting: RHB Will Sterling 0-0: Ball
1-0: Called Strike
1-1: SINGLE (Line Drive, 7S)
Batting: LHB Jesús Tobías 0-0: Called Strike
0-1: Foul Ball, location: 2F
0-2: Ball
1-2: Foul Ball, location: 2F
1-2: Ball
2-2: Ball
3-2: Base on Balls
Will Sterling to second
Batting: SHB Shane Hutchinson 0-0: Ball
1-0: Ball
2-0: Ball
3-0: Base on Balls
Will Sterling to third
Jesús Tobías to second
Batting: RHB Juan Rodríguez 0-0: Ball
1-0: Foul Ball, location: 2F
1-1: Called Strike
1-2: Strikes out swinging
Batting: LHB Derek Davidson 0-0: Fly out, F7 (Flyball, 78M)
Runner from 3rd tags up, SCORES, throw made
Batting: LHB Felipe Guerrero 0-0: Ball
1-0: Ball
2-0: SINGLE (Groundball, 34S) (infield hit)
Jesús Tobías to third
Shane Hutchinson to second
Batting: LHB Elliott Newell 0-0: Swinging Strike
0-1: Ball
1-1: Swinging Strike
1-2: Ball
2-2: Strikes out swinging
Top of the 4th over - 1 run(s), 2 hit(s), 0 error(s), 3 left on base; Springfield 3 - St. Louis 0
BOTTOM OF THE 4TH
St. Louis Browns batting - Pitching for Springfield Stars : RHP Kyu-pyeong Pak
Batting: LHB Clinton Clark 0-0: SINGLE (Groundball, 3D)
Batting: LHB Jorge Torres 0-0: Fly out, F8 (Flyball, 8RXD)
Batting: RHB Yoshihide Takahashi 0-0: Called Strike
0-1: Ball
1-1: Ball
2-1: Foul Ball, location: 2F
2-2: Fielders Choice at 2nd, 5-4 (Groundball, 56)
Batting: RHB Mario Rosales 0-0: Ball
1-0: Ball
2-0: Ball
3-0: Called Strike
3-1: Foul Ball, location: 2F
3-2: Fly out, F8 (Flyball, 89D)
Bottom of the 4th over - 0 run(s), 1 hit(s), 0 error(s), 1 left on base; Springfield 3 - St. Louis 0
TOP OF THE 5TH
Springfield Stars batting - Pitching for St. Louis Browns : RHP Nelson Ortega
Pitching: RHP Beau Brown
Batting: RHB Juan Carlos Rodríguez 0-0: Ball
1-0: Ground out 5-3 (Groundball, 5)
Batting: RHB Calvin Bennett 0-0: Ball
1-0: Ball
2-0: TRIPLE (Line Drive, 89M)
Batting: RHB Will Sterling 0-0: Foul Ball, location: 2F
0-1: Ground out 4-3 (Groundball, 4)
Calvin Bennett scores
Batting: LHB Jesús Tobías 0-0: Fly out, F4 (Popup, 4M)
Top of the 5th over - 1 run(s), 1 hit(s), 0 error(s), 0 left on base; Springfield 4 - St. Louis 0
BOTTOM OF THE 5TH
St. Louis Browns batting - Pitching for Springfield Stars : RHP Kyu-pyeong Pak
Now in CF: Calvin Bennett
Batting: RHB José Flores 0-0: Ball
1-0: Fly out, F8 (Flyball, 8RD)
Batting: LHB Víctor Hernández 0-0: Ball
1-0: Foul Ball, location: 2F
1-1: SINGLE (Groundball, 34)
Batting: RHB Carlos Alfaro 0-0: Foul Ball, location: 2F
0-1: Ball
1-1: Ball
2-1: Ball
3-1: Called Strike
3-2: Foul Ball, location: 2F
3-2: SINGLE (Flyball, 7S)
Víctor Hernández to second
Batting: SHB Ryobe Yamamoto 0-0: Ball
1-0: Called Strike
1-1: Fly out, F7 (Flyball, 78M)
Batting: LHB Stan Hickman 0-0: SINGLE (Line Drive, 56)
Víctor Hernández to third
Carlos Alfaro to second
Runner from 3rd tries for Home, SAFE, throw made home
Batting: LHB Clinton Clark 0-0: Ball
1-0: 3-RUN HOME RUN (Line Drive, 9D), Distance : 387 ft
Batting: LHB Jorge Torres 0-0: Called Strike
0-1: Ball
1-1: Ball
2-1: Ground out 4-3 (Groundball, 4M)
Bottom of the 5th over - 4 run(s), 4 hit(s), 0 error(s), 0 left on base; Springfield 4 - St. Louis 4
TOP OF THE 6TH
Springfield Stars batting - Pitching for St. Louis Browns : RHP Beau Brown
Batting: SHB Shane Hutchinson 0-0: Called Strike
0-1: Ball
1-1: Ball
2-1: Ball
3-1: Foul Ball, location: 2F
3-2: Ground out 5-3 (Groundball, 56S)
Batting: RHB Juan Rodríguez 0-0: Foul Ball, location: 2F
0-1: Ball
1-1: Foul Ball, location: 2F
1-2: Foul Ball, location: 2F
1-2: Strikes out looking
Batting: LHB Derek Davidson 0-0: Ball
1-0: Called Strike
1-1: Foul Ball, location: 2F
1-2: Ball
2-2: SOLO HOME RUN (Flyball, 9D), Distance : 375 ft
Batting: LHB Felipe Guerrero 0-0: Foul Ball, location: 2F
0-1: Ball
1-1: Ball
2-1: Ball
3-1: Base on Balls
Batting: LHB Elliott Newell 0-0: Ball
1-0: SINGLE (Line Drive, 6M)
Felipe Guerrero to second
Batting: RHB Juan Carlos Rodríguez 0-0: Ball
1-0: Foul Ball, location: 2F
1-1: Swinging Strike
1-2: Ball
2-2: Ball
3-2: Strikes out swinging
Top of the 6th over - 1 run(s), 2 hit(s), 0 error(s), 2 left on base; Springfield 5 - St. Louis 4
BOTTOM OF THE 6TH
St. Louis Browns batting - Pitching for Springfield Stars : RHP Kyu-pyeong Pak
Pitching: RHP Ramón Vélez
Batting: RHB Yoshihide Takahashi 0-0: Foul Ball, location: 2F
0-1: Swinging Strike
0-2: Strikes out looking
Batting: RHB Mario Rosales 0-0: Ball
1-0: Ground out 4-3 (Groundball, 4)
Batting: RHB José Flores 0-0: Ball
1-0: Ball
2-0: SINGLE (Line Drive, 89S)
Batting: LHB Víctor Hernández 0-0: Called Strike
0-1: Foul Ball, location: 2F
0-2: Ball
José Flores steals 2nd base
1-2: Fly out, F4 (Line Drive, 34)
Bottom of the 6th over - 0 run(s), 1 hit(s), 0 error(s), 1 left on base; Springfield 5 - St. Louis 4
TOP OF THE 7TH
Springfield Stars batting - Pitching for St. Louis Browns : RHP Beau Brown
Pitching: LHP Santiago Valentín
Batting: RHB Calvin Bennett 0-0: Ball
1-0: Ball
2-0: Called Strike
2-1: Foul Ball, location: 2F
2-2: Ball
3-2: SINGLE (Line Drive, 56)
Batting: RHB Will Sterling 0-0: Bunted foul
0-1: Called Strike
Calvin Bennett steals 2nd base
0-2: Ball
1-2: Foul Ball, location: 2F
1-2: Ball
2-2: Fly out, F8 (Flyball, 8RD)
Pinch Hitting: RHB Cho-yun Qiao 0-0: Ball
Calvin Bennett steals 3rd base
1-0: Ball
2-0: Called Strike
2-1: Foul Ball, location: 2F
2-2: SINGLE (Flyball, 7LS)
Calvin Bennett scores
Batting: SHB Shane Hutchinson 0-0: Ball
1-0: Swinging Strike
1-1: Ball
2-1: Called Strike
2-2: Strikes out swinging
Batting: RHB Juan Rodríguez 0-0: Called Strike
0-1: Ball
1-1: Ball
2-1: Ball
3-1: Base on Balls
Cho-yun Qiao to second
Batting: LHB Derek Davidson 0-0: Called Strike
0-1: Ball
1-1: SINGLE (Groundball, 3L) (infield hit)
Cho-yun Qiao to third
Juan Rodríguez to second
Batting: LHB Felipe Guerrero 0-0: Called Strike
0-1: Swinging Strike
0-2: Ball
1-2: Foul Ball, location: 2F
1-2: Strikes out swinging
Top of the 7th over - 1 run(s), 3 hit(s), 0 error(s), 3 left on base; Springfield 6 - St. Louis 4
BOTTOM OF THE 7TH
St. Louis Browns batting - Pitching for Springfield Stars : RHP Ramón Vélez
Now at 3B: David García
Batting: RHB Carlos Alfaro 0-0: Ball
1-0: Foul Ball, location: 2F
1-1: Swinging Strike
1-2: Ball
2-2: Ball
3-2: SINGLE (Line Drive, 7S)
Batting: SHB Ryobe Yamamoto 0-0: Foul Ball, location: 2F
0-1: Ball
1-1: Ball
2-1: Fly out, F7 (Flyball, 7M)
Batting: LHB Stan Hickman 0-0: SINGLE (Line Drive, 8LS)
Carlos Alfaro to second
Batting: LHB Clinton Clark 0-0: Ball
1-0: Called Strike
1-1: Foul Ball, location: 2F
1-2: Strikes out swinging
Pitching: RHP Alberto Vásquez
Batting: LHB Jorge Torres 0-0: Ground out 5-3 (Groundball, 56)
Bottom of the 7th over - 0 run(s), 2 hit(s), 0 error(s), 2 left on base; Springfield 6 - St. Louis 4
TOP OF THE 8TH
Springfield Stars batting - Pitching for St. Louis Browns : LHP Santiago Valentín
Pitching: LHP Miguel Martínez
Batting: LHB Elliott Newell 0-0: Called Strike
0-1: Foul Ball, location: 2F
0-2: Strikes out swinging
Batting: RHB Juan Carlos Rodríguez 0-0: Ball
1-0: Ball
2-0: Foul Ball, location: 2F
2-1: DOUBLE (Flyball, 78D)
Batting: RHB Calvin Bennett 0-0: Intentional Walk
Batting: RHB Will Sterling 0-0: Ball
1-0: Foul Ball, location: 2F
1-1: Foul Ball, location: 2F
1-2: Ground out 5-3 (Groundball, 5S)
Juan Carlos Rodríguez to third
Calvin Bennett to second
Pinch Hitting: RHB Alberto Campos 0-0: Ball
1-0: Swinging Strike
1-1: Foul Ball, location: 2F
1-2: Strikes out looking
Top of the 8th over - 0 run(s), 1 hit(s), 0 error(s), 2 left on base; Springfield 6 - St. Louis 4
BOTTOM OF THE 8TH
St. Louis Browns batting - Pitching for Springfield Stars : RHP Alberto Vásquez
Now at 3B: José Pinto
Batting: RHB Yoshihide Takahashi 0-0: Fly out, F6 (Popup, 5)
Batting: RHB Mario Rosales 0-0: Called Strike
0-1: Foul Ball, location: 2F
0-2: Ball
1-2: Ball
2-2: Ball
3-2: Ground out 6-3 (Groundball, 6)
Batting: RHB José Flores 0-0: Ball
1-0: Foul Ball, location: 2F
1-1: Swinging Strike
1-2: SINGLE (Groundball, 5L)
Pitching: RHP Jorge Delgado
Batting: LHB Víctor Hernández 0-0: Foul Ball, location: 2F
0-1: Ball
1-1: Foul Ball, location: 2F
1-2: Foul Ball, location: 2F
1-2: Fly out, F8 (Flyball, 8RXD)
Bottom of the 8th over - 0 run(s), 1 hit(s), 0 error(s), 1 left on base; Springfield 6 - St. Louis 4
TOP OF THE 9TH
Springfield Stars batting - Pitching for St. Louis Browns : LHP Miguel Martínez
Batting: SHB Shane Hutchinson 0-0: Ball
1-0: Swinging Strike
1-1: Ball
2-1: Foul Ball, location: 2F
2-2: Strikes out swinging
Batting: RHB Juan Rodríguez 0-0: Ground out 1-3 (Groundball, 13)
Batting: LHB Derek Davidson 0-0: Ground out U3 (Groundball, 3S)
Top of the 9th over - 0 run(s), 0 hit(s), 0 error(s), 0 left on base; Springfield 6 - St. Louis 4
BOTTOM OF THE 9TH
St. Louis Browns batting - Pitching for Springfield Stars : RHP Jorge Delgado
Pitching: RHP José Valdéz
Batting: RHB Carlos Alfaro 0-0: Ball
1-0: Swinging Strike
1-1: Ball
2-1: Called Strike
2-2: Foul Ball, location: 2F
2-2: SINGLE (Groundball, 6MD)
Batting: SHB Ryobe Yamamoto 0-0: Foul Ball, location: 2F
0-1: Ball
1-1: Ball
2-1: Fly out, F6 (Popup, 6M)
Batting: LHB Stan Hickman 0-0: Grounds into double play, 2-6-3 (Groundball, 2R)
Bottom of the 9th over - 0 run(s), 1 hit(s), 0 error(s), 0 left on base; Springfield 6 - St. Louis 4
Monday, December 5th, 2016 - OOTP Baseball 17.12 Build 75